 Dungeon Crawl Stone Soup version 0.23.2-1-ga50397a6bc (webtiles) character file.

Game seed: 13498693208163929912

13818 Mrkan the Bludgeoner (level 11, -4/102 HPs)
             Began as a Minotaur Fighter on May 18, 2019.
             Was the Champion of Okawaru.
             Slain by a spiny frog (15 damage)
             ... on level 1 of the Lair of Beasts.
             The game lasted 00:20:05 (9661 turns).

Mrkan the Bludgeoner (Minotaur Fighter)             Turns: 9661, Time: 00:20:06

Health: -4/102     AC: 18    Str: 27    XL:     11   Next: 80%
Magic:  16/16      EV: 10    Int:  5    God:    Okawaru [******]
Gold:   628        SH:  0    Dex: 14    Spells: 10/10 levels left

rFire    + . .     SeeInvis .   T - +3 great mace (protect)
rCold    . . .     Gourm    .   (shield currently unavailable)
rNeg     . . .     Faith    .   b - +0 scale mail
rPois    .         Spirit   .   (helmet restricted)
rElec    .         Reflect  .   (no cloak)
rCorr    .         Harm     .   O - +0 pair of gloves of Disappointment {rF+ Dex+4}
MR       +....                  F - +2 pair of boots of a Labyrinth {Str+3 Slay+3}
Stlth    ..........             z - amulet of rage
HPRegen  0.27/turn              D - ring of protection from magic
MPRegen  0.15/turn              (no ring)

@: marked, protection aura
A: retaliatory headbutt, horns 2
a: Heroism, Finesse, Renounce Religion, Evoke Berserk Rage


You were on level 1 of the Lair of Beasts.
You worshipped Okawaru.
Okawaru was exalted by your worship.
You were not hungry.

You visited 2 branches of the dungeon, and saw 12 of its levels.
You also visited: Sewer.

You collected 628 gold pieces.

Inventory:

Hand Weapons
 a - a +0 flail
 r - a +4 flail
 M - a +2 whip of flaming
 T - a +3 great mace of protection (weapon)
Armour
 b - a +0 scale mail (worn)
 c - a +0 shield
 h - a cursed +0 helmet
 F - the +2 pair of boots of a Labyrinth (worn) {Str+3 Slay+3}
   (You found it on level 7 of the Dungeon)

   It affects your strength (+3).
   It affects your accuracy and damage with ranged weapons and melee attacks
   (+3).
 H - a +0 hat
 O - the +0 pair of gloves of Disappointment (worn) {rF+ Dex+4}
   (Okawaru gifted it to you on level 9 of the Dungeon)

   It affects your dexterity (+4).
   It protects you from fire.
Jewellery
 w - a cursed ring of attention
 y - a cursed -3 ring of evasion
 z - an amulet of rage (around neck)
 D - a ring of protection from magic (left hand)
 I - an uncursed ring of magical power
 J - an uncursed ring of poison resistance {unknown}
 R - a +3 ring of strength {unknown}
 S - an uncursed ring of flight {unknown}
Wands
 d - a wand of flame (56)
 C - a wand of paralysis (19)
 E - a wand of enslavement (17)
 K - a wand of disintegration (11)
 P - a wand of acid (6)
 Q - a wand of random effects (22)
Scrolls
 k - 11 scrolls of remove curse
 l - 4 scrolls of blinking {unknown}
 o - 10 scrolls of teleportation
 p - 3 scrolls of magic mapping {unknown}
 q - 3 scrolls of fear {unknown}
 u - 4 scrolls of amnesia {unknown}
 B - 2 scrolls of random uselessness {unknown}
Potions
 g - 4 potions of heal wounds {unknown}
 i - 5 potions of flight
 j - 3 potions of invisibility
 m - 4 potions of curing
 n - 5 potions of brilliance
 s - 5 potions of magic
 t - a potion of agility {unknown}
 v - 2 potions of lignification {unknown}
 x - a potion of haste {unknown}
 A - a potion of mutation {unknown}
 G - 2 potions of might
 L - 2 potions of cancellation {unknown}
 N - a potion of degeneration {unknown}
 U - a potion of resistance {unknown}
Comestibles
 f - 21 rations


   Skills:
 + Level 11.5 Fighting
 * Level 15.0 Maces & Flails
 - Level 3.6 Armour
 - Level 8.5 Shields
 + Level 8.4 Invocations


You had 10 spell levels left.
You didn't know any spells.
Your spell library contained the following spells:

 Spells                   Type           Power        Failure   Level  Hunger
 Magic Dart               Conj           #...         75%         1    ##.....
 Poisonous Vapours        Pois/Air       #.....       87%         2    ###....
 Searing Ray              Conj           #.....       87%         2    ###....
 Conjure Flame            Conj/Fire      #.......     98%         3    ####...
 Dazzling Spray           Conj/Hex       #.....       98%         3    ####...
 Mephitic Cloud           Conj/Pois/Air  #.......     98%         3    ####...
 Force Lance              Conj/Tloc      #.......     100%        4    #####..
 Fulminant Prism          Conj/Hex       #.........   100%        4    #####..
 Iskenderun's Mystic Bla  Conj           #.......     100%        4    #####..
 Freezing Cloud           Conj/Ice/Air   #.........   100%        6    #######
 Ring of Flames           Chrm/Fire      #.........   100%        7    #######


Dungeon Overview and Level Annotations

Branches:
Dungeon (11/15)            Temple (0/1) D:4            Lair (1/6) D:9
    Orc (0/2) D:11

Altars:
Ashenzari
Cheibriados
Elyvilon
Hepliaklqana
Kikubaaqudgha
Makhleb
Nemelex Xobeh
Okawaru
Qazlal
Ru
Sif Muna
Vehumet
Yredelemnul
The Shining One

Shops:
D:7 ::}=*   D:10 }


Innate Abilities, Weirdness & Mutations

You reflexively headbutt those who attack you in melee.
You have a pair of horns on your head.


Message History

You closely miss the spiny frog. You headbutt the spiny frog.
The spiny frog is lightly wounded.
You feel sick. The spiny frog stings you!
* * * LOW HITPOINT WARNING * * *
The porcupine bites you but does no damage.
You closely miss the spiny frog. You headbutt the spiny frog!
The spiny frog is moderately wounded.
You feel sick. The spiny frog stings you!
* * * LOW HITPOINT WARNING * * *
A komodo dragon comes into view.
The porcupine bites you but does no damage.
You feel better. The spiny frog stings you!
* * * LOW HITPOINT WARNING * * *
The porcupine bites you.
* * * LOW HITPOINT WARNING * * *
You beat the porcupine like a drum!!!
You kill the porcupine!
Okawaru accepts your kill. The spiny frog stings you!
You die...

........## #.8...8.#
.......# ........###
.......# ....8.....#
...... ..........##
..... .#.#.###...#
###..#
###.#.##...#####.l.##
####+..#)8.'.......##
#......#...#..F@....#
#......##.##P.†....##
.........+.##......#
.........#.........##
P......).##.........#
#........####).....##
#........# #.^....#
#.##.##### ######## #
##


You could see a komodo dragon and a spiny frog.

Vanquished Creatures
  Harold (D:9)
  3 two-headed ogres
  An unseen horror (D:11)
  An ugly thing (D:11)
  A gargoyle (D:11)
  A spiny frog (Lair:1)
  Psyche (D:9)
  A komodo dragon (Lair:1)
  A troll (D:10)
  A hornet (D:10)
  A hippogriff (D:9)
  A meliai zombie (D:11)
  Sigmund (D:2)
  11 yaks
  2 wyverns
  A hungry ghost (D:8)
  A soldier ant (D:11)
  A water moccasin (D:11)
  A porcupine (Lair:1)
  Purgy (Sewer)
  6 ice beasts
  A sky beast (D:5)
  A black bear (D:10)
  A hornet zombie (D:10)
  A necrophage (D:7)
  6 orc warriors
  2 phantoms
  10 ogres
  3 centaurs
  A crocodile (Lair:1)
  4 big kobolds
  5 bullfrogs
  A wyvern zombie (D:10)
  4 scorpions
  9 killer bees (D:11)
  4 wights (D:8)
  6 howler monkeys
  5 crimson imps
  7 hounds
  A quasit (D:10)
  A bullfrog zombie (D:6)
  4 bullfrog skeletons
  2 centaur skeletons
  2 orc priests (D:11)
  Terence (D:2)
  An iguana (D:7)
  Natasha (thrice) (D:2)
  7 orc wizards
  3 worker ants
  2 hound zombies (D:10)
  3 gnolls (D:3)
  12 adders
  A river rat (D:5)
  3 shadow imps
  2 adder zombies (D:6)
  2 adder skeletons
  2 worms (D:2)
  A dart slug (D:1)
  4 leopard geckos
  20 orcs
  3 bats (D:2)
  8 giant cockroaches
  9 goblins
  11 hobgoblins
  7 jackals
  8 quokkas
  2 ball pythons
  3 frilled lizards
  26 kobolds
  A quokka zombie (D:5)
  3 rats (D:1)
268 creatures vanquished.

Vanquished Creatures (others)
  2 fungi (Lair:1)
  2 plants (Lair:1)
4 creatures vanquished.

Grand Total: 272 creatures vanquished

Notes
Turn   | Place    | Note
-------+----------+-------------------------------------------
     0 | D:1      | Mrkan the Minotaur Fighter began the quest for the Orb.
     0 | D:1      | Reached XP level 1. HP: 19/19 MP: 0/0
   256 | D:1      | Reached skill level 3 in Maces & Flails
   280 | D:1      | Reached XP level 2. HP: 27/27 MP: 1/1
   786 | D:2      | Noticed a bullfrog
   793 | D:2      | Killed a bullfrog
   793 | D:2      | Reached skill level 4 in Maces & Flails
   793 | D:2      | Reached XP level 3. HP: 31/34 MP: 2/2
   793 | D:2      | Reached XP level 4. HP: 38/41 MP: 3/3
   828 | D:2      | Found an iron altar of Okawaru.
   836 | D:2      | Became a worshipper of Warmaster Okawaru
   868 | D:2      | Noticed Natasha
   877 | D:2      | Killed Natasha
   877 | D:2      | Reached skill level 5 in Maces & Flails
   906 | D:2      | Noticed Sigmund
   908 | D:2      | Found a sacrificial altar of Ru.
   920 | D:2      | Killed Sigmund
   920 | D:2      | Reached skill level 5 in Fighting
   920 | D:2      | Reached skill level 6 in Maces & Flails
   920 | D:2      | Reached XP level 5. HP: 11/48 MP: 4/4
   920 | D:2      | Reached XP level 6. HP: 13/56 MP: 5/5
  1098 | D:2      | Noticed Terence
  1098 | D:2      | Noticed Natasha
  1102 | D:2      | Killed Natasha
  1115 | D:2      | Noticed Natasha
  1121 | D:2      | Killed Natasha
  1123 | D:2      | Killed Terence
  1468 | D:2      | Reached skill level 7 in Maces & Flails
  1526 | D:2      | Found a hazy altar of Hepliaklqana.
  1750 | D:3      | Found a basalt altar of Yredelemnul.
  1798 | D:3      | Reached * piety under Okawaru
  2131 | D:3      | Found a snail-covered altar of Cheibriados.
  2142 | D:3      | Reached skill level 1 in Invocations
  2357 | D:4      | Reached XP level 7. HP: 62/63 MP: 5/7
  2444 | D:4      | Found a shattered altar of Ashenzari.
  2692 | D:4      | Found a staircase to the Ecumenical Temple.
  2815 | D:5      | Entered Level 5 of the Dungeon
  2908 | D:5      | Reached skill level 8 in Maces & Flails
  2966 | D:5      | Found a radiant altar of Vehumet.
  3013 | D:5      | Reached ** piety under Okawaru
  3046 | D:5      | HP: 2/64 [sky beast (5)]
  3048 | D:5      | Reached XP level 8. HP: 3/73 MP: 9/9
  3190 | D:5      | Found a white marble altar of Elyvilon.
  3381 | D:5      | Reached skill level 9 in Maces & Flails
  3540 | D:5      | Found a glowing drain.
  3553 | Sewer    | Entered a sewer
  3610 | Sewer    | Noticed Purgy
  3620 | Sewer    | Killed Purgy
  4005 | D:6      | Reached skill level 10 in Maces & Flails
  4273 | D:6      | Reached *** piety under Okawaru
  4512 | D:7      | Found Jinwyuckoi's General Store.
  4586 | D:7      | Found Biaged's Book Boutique.
  4586 | D:7      | Found Qobul's Book Emporium.
  4604 | D:7      | Found Empaseen's Gadget Boutique.
  4617 | D:7      | Got a pair of ancient boots
  4623 | D:7      | Found Eduitil's Jewellery Emporium.
  4637 | D:7      | Reached XP level 9. HP: 41/81 MP: 11/11
  5113 | D:8      | Identified the +2 pair of boots of a Labyrinth {Str+3
                  | Slay+3} (You found it on level 7 of the Dungeon)
  5166 | D:8      | Reached skill level 11 in Maces & Flails
  5179 | D:8      | Reached skill level 5 in Invocations
  5362 | D:8      | Reached **** piety under Okawaru
  5445 | D:8      | Found a glowing golden altar of the Shining One.
  5526 | D:8      | Reached skill level 5 in Shields
  5633 | D:8      | Reached skill level 12 in Maces & Flails
  5683 | D:8      | Reached XP level 10. HP: 58/91 MP: 13/13
  5841 | D:8      | Noticed a two-headed ogre
  5856 | D:8      | Killed a two-headed ogre
  5856 | D:8      | Reached ***** piety under Okawaru
  6218 | D:9      | Found a staircase to the Lair.
  6348 | D:9      | Noticed a two-headed ogre
  6358 | D:9      | Killed a two-headed ogre
  6358 | D:9      | Received a gift from Okawaru
  6359 | D:9      | Found a burning altar of Makhleb.
  6361 | D:9      | Got a pair of heavily runed gloves {god gift}
  6365 | D:9      | Identified the +0 pair of gloves of Disappointment {rF+
                  | Dex+4} (Okawaru gifted it to you on level 9 of the Dungeon)
  6378 | D:9      | Found an ancient bone altar of Kikubaaqudgha.
  6381 | D:9      | Found a sparkling altar of Nemelex Xobeh.
  6389 | D:9      | Found a stormy altar of Qazlal.
  6394 | D:9      | Reached skill level 10 in Fighting
  6432 | D:9      | Found a deep blue altar of Sif Muna.
  6437 | D:9      | Reached skill level 13 in Maces & Flails
  6570 | D:9      | Noticed a two-headed ogre
  6576 | D:9      | Killed a two-headed ogre
  6808 | D:9      | Noticed Psyche
  6811 | D:9      | Paralysed by Psyche for 5 turns
  6817 | D:9      | Killed Psyche
  6922 | D:9      | Noticed Harold
  6937 | D:9      | Killed Harold
  6937 | D:9      | Reached XP level 11. HP: 82/101 MP: 15/15
  7100 | D:10     | Entered Level 10 of the Dungeon
  7130 | D:10     | Found Baomauna's Gadget Emporium.
  7535 | D:10     | Reached skill level 14 in Maces & Flails
  7962 | D:11     | Found a staircase to the Orcish Mines.
  8006 | D:11     | Noticed a red ugly thing
  8015 | D:11     | Killed a red ugly thing
  8015 | D:11     | Received a gift from Okawaru
  8427 | D:11     | Killed an unseen horror
  8627 | D:11     | Reached ****** piety under Okawaru
  9039 | D:11     | Found an iron altar of Okawaru.
  9039 | D:11     | Noticed an orc knight
  9040 | D:11     | Noticed a centaur warrior
  9163 | D:11     | Noticed a centaur warrior
  9513 | Lair:1   | Entered Level 1 of the Lair of Beasts
  9611 | Lair:1   | Reached skill level 15 in Maces & Flails
  9661 | Lair:1   | Slain by a spiny frog

Skill      XL: |  1  2  3  4  5  6  7  8  9 10 11 |
---------------+----------------------------------+-----
Maces & Flails | 3 4 6 7 8 10 12 13 15 | 15.0
Fighting       | 4 5 6 7 8 9 10 11 | 11.5
Invocations    | 1 2 4 5 7 8 |  8.4
Shields        | 4 6 7 8 |  8.5
Armour         | |  3.6

Action                   |  1- 3 |  4- 6 |  7- 9 | 10-12 || total
-------------------------+-------+-------+-------+-------++-------
Melee: Flail             |    45 |   137 |   279 |   222 ||   683
       Headbutt          |     5 |    21 |    58 |    79 ||   163
       Great mace        |       |       |       |    76 ||    76
  Use: Potion            |       |     3 |     1 |     3 ||     7
       Scroll            |       |       |    12 |     3 ||    15
  Eat: Ration            |       |     1 |     2 |     2 ||     5
       Chunk             |       |       |     6 |     6 ||    12
Armor: Scale mail        |     8 |    55 |    72 |   122 ||   257
Dodge: Dodged            |    12 |    38 |    66 |   114 ||   230
Block: Shield            |    26 |    74 |   118 |   148 ||   366
